 Dungeon Crawl Stone Soup version 0.18-a0-1405-g73f4075 (webtiles) character file.

7 Foomius the Grave Robber (level 1, 0/15 HPs)
             Began as a Demonspawn Necromancer on Feb 24, 2016.
             Slain by a giant newt (2 damage)
             ... on level 1 of the Dungeon.
             The game lasted 00:02:06 (412 turns).

Foomius the Grave Robber (Demonspawn Necromancer)    Turns: 412, Time: 00:02:06

Health: 0/15       AC:  2    Str:  8    XL:     1   Next: 83%
Magic:  0/3        EV: 12    Int: 16    God:
Gold:   41         SH:  0    Dex: 13    Spells: 1 memorised, 3 levels left

rFire  . . .     SeeInvis .     e - +0 mace
rCold  . . .     Gourm    .     a - +0 robe
rNeg   . . .     Faith    .     (no shield)
rPois  +         Spirit   .     (no helmet)
rElec  +         Dismiss  .     (no cloak)
rCorr  .         Reflect  .     (no gloves)
SustAt .         Harm     .     (no boots)
MR     .....     Rnd*Tele +     (no amulet)
Stlth  ++........               (no ring)
                                (no ring)

@: not resistant to hostile enchantments, unstealthy
A: low mp 1, poison resistance, electricity resistance, teleportitis 1
a: no special abilities


You were on level 1 of the Dungeon.
You were not hungry.

You visited 1 branch of the dungeon, and saw 1 of its levels.

You collected 41 gold pieces.

Inventory:

Hand Weapons
 e - a +0 mace (weapon)
Missiles
 f - 12 poisoned needles
 h - 24 stones (quivered)
Armour
 a - a +0 robe (worn)
Scrolls
 g - a scroll of fog {unknown}
Books
 b - a book of Necromancy

   Spells                             Type                      Level
   a - Pain                           Necromancy                   1
   b - Animate Skeleton               Necromancy                   1
   c - Vampiric Draining              Necromancy                   3
   d - Regeneration                   Charms/Necromancy            3
   e - Animate Dead                   Necromancy                   4
   f - Control Undead                 Necromancy                   4
Comestibles
 c - 2 bread rations


   Skills:
 - Level 1.1 Fighting
 + Level 1.8 Dodging
 - Level 1.7 Stealth
 + Level 2.1 Spellcasting
 - Level 4.3 Necromancy


You had 3 spell levels left.
You knew the following spells:

 Your Spells              Type           Power        Failure   Level  Hunger
a - Pain                  Necr           ###.         4%          1    #......


Dungeon Overview and Level Annotations

Branches:
Dungeon (1/15)

Altars:


Innate Abilities, Weirdness & Mutations

Your magical capacity is low (-10% MP).
Your system is resistant to poisons.
You are resistant to electric shocks.
You are occasionally teleported next to monsters.


Message History

Aiming: Pain
Press: ? - help, Shift-Dir - straight line, f/p - giant newt
Aim: a giant newt (heavily wounded, chance to defeat MR: 92%)
The giant newt convulses in agony!
You kill the giant newt!
You miss the giant newt.
The giant newt is heavily wounded.
The giant newt bites you.
* * * LOW HITPOINT WARNING * * *
The giant newt bites you.
* * * LOW HITPOINT WARNING * * *
Drink which item? (? for menu, Esc to quit)
It was a potion of mutation.
You feel extremely strange.
You feel insulated.
You feel weirdly uncertain.
The giant newt bites you but does no damage.
Drink which item? (? for menu, Esc to quit)
You feel extremely strange.
You feel resistant to poisons.
You feel less energetic. The giant newt bites you.
You die...

≈≈≈......... ....
≈≈≈≈....... .......
≈≈≈≈.!....# #+#.....#
≈≈≈≈......# #.#.....#
≈≈≈.......# #.#.#.#.#
..........# #.#.#.#.#
#.........# #.#.#.#.#
#.........####.#[#.#.#
#########ll@.........#######
######.....#........
#######.####... #.# ## #)#
#. #.# #. #.# #. #.# #. #.#
#.


You could see 2 giant newts.

Vanquished Creatures
  A bat (D:1)
  A goblin (D:1)
  A hobgoblin (D:1)
  3 giant newts (D:1)
  A kobold (D:1)
7 creatures vanquished.

Notes
Turn   | Place    | Note
--------------------------------------------------------------
     0 | D:1      | Foomius the Demonspawn Necromancer began the quest for the Orb.
     0 | D:1      | Reached XP level 1. HP: 13/13 MP: 3/3
   196 | D:1      | Reached skill level 1 in Fighting
   411 | D:1      | Gained mutation: You are resistant to electric shocks. [potion of mutation]
   411 | D:1      | Gained mutation: You are occasionally teleported next to monsters. [potion of mutation]
   412 | D:1      | Gained mutation: Your system is resistant to poisons. [potion of mutation]
   412 | D:1      | Gained mutation: Your magical capacity is low (-10% MP). [potion of mutation]
   412 | D:1      | Slain by a giant newt

Vault maps used:
D:1:      co_arrival_random_square_maze, minmay_newt_pond

Skill      XL: |  1 |
---------------+----+-----
Fighting       | 1 |  1.1
Dodging        | |  1.8
Stealth        | |  1.7
Spellcasting   | |  2.1
Necromancy     | |  4.3

Action                   || total
-------------------------++-------
Melee: Mace              ||     8
 Cast: Pain              ||    10
  Use: Potion            ||     2
